 Dungeon Crawl Stone Soup version 0.21.1-1-g345015f (webtiles) character file.

2249 tognito the Cleaver (level 9, 0/105 HPs)
             Began as a Minotaur Berserker on Mar 3, 2018.
             Was an Elder of Trog.
             Succumbed to a killer bee's poison
             ... on level 7 of the Dungeon.
             The game lasted 00:11:45 (5481 turns).

tognito the Cleaver (Minotaur Berserker)            Turns: 5481, Time: 00:11:46

Health: 0/105      AC: 12    Str: 29    XL:     9   Next: 15%
Magic:  8/8        EV:  8    Int:  4    God:    Trog [****..]
Gold:   298        SH:  0    Dex: 11    Spells: 8/8 levels left

rFire    . . .     SeeInvis .   a - +1 hand axe
rCold    . . .     Gourm    .   (no shield)
rNeg     . . .     Faith    .   p - +1 plate armour
rPois    .         Spirit   .   (helmet restricted)
rElec    .         Reflect  .   (no cloak)
rCorr    .         Harm     .   (no gloves)
MR       .....                  (no boots)
Stlth    ..........             i - amulet of magic regeneration
HPRegen  0.27/turn              (no ring)
MPRegen  0.36/turn              (no ring)

@: berserking, lethally poisoned (0 -> -3), very quick
A: retaliatory headbutt, horns 2
a: Berserk, Trog's Hand, Brothers in Arms, Burn Spellbooks, Renounce Religion


You were on level 7 of the Dungeon.
You worshipped Trog.
Trog was greatly pleased with you.
You were very hungry.

You visited 1 branch of the dungeon, and saw 7 of its levels.

You collected 298 gold pieces.

Inventory:

Hand Weapons
 a - a +1 hand axe (weapon)
 b - a +0 shortbow
Missiles
 h - 49 bolts
 q - 61 arrows
Armour
 p - a +1 plate armour (worn)
Jewellery
 i - an amulet of magic regeneration (around neck)
Wands
 f - a wand of acid (10)
 l - a wand of paralysis (10)
 s - a wand of random effects (20)
Scrolls
 d - 13 scrolls of identify
 e - 6 scrolls of teleportation
 k - 5 scrolls of remove curse
 m - 2 scrolls of fog
 o - 2 scrolls of enchant armour
 r - a scroll of blinking
Potions
 g - 2 potions of curing
 j - a potion of berserk rage
Comestibles
 c - 22 rations


   Skills:
 - Level 3.6 Fighting
 + Level 14.2 Axes
 - Level 2.4 Armour
 - Level 2.1 Dodging


You had 8 spell levels left.
You didn't know any spells.

Dungeon Overview and Level Annotations

Branches:
Dungeon (7/15)             Temple (0/1) D:6

Altars:
Fedhas
Nemelex Xobeh
Qazlal
Sif Muna
Trog
Vehumet
Yredelemnul


Innate Abilities, Weirdness & Mutations

You reflexively headbutt those who attack you in melee.
You have a pair of horns on your head.


Message History

You slice the killer bee!!
You kill the killer bee!
Trog accepts your kill.
You hit the killer bee. You miss the killer bee. x2
The killer bee stings you but does no damage. x2
The killer bee closely misses you. You furiously retaliate!
You headbutt the killer bee!
You kill the killer bee!
Trog accepts your kill.
You slash the killer bee! Your headbutt misses the killer bee.
The killer bee is heavily wounded.
You hit the killer bee. The killer bee stings you.
* * * LOW HITPOINT WARNING * * *
You are lethally poisoned!
The killer bee poisons you! The killer bee stings you.
* * * LOW HITPOINT WARNING * * *
You hit the killer bee.
The killer bee is almost dead.
You miss the killer bee.
You die...

.........# ... #.
.........# .. #.# ........#
.## ..# ........# ##.##
#.### .........#
##...##....###
..........####.............
...........#............##
.....................#...#
................@.†.(.# .
...............yy......#
..............)...........
..... .........#...#.(..$#
.......<†...###(...#
......F>...## ((.(#
............# .....
............... ..
..............#


You could see a bullfrog and 2 killer bees.

Vanquished Creatures
  The ghost of Xelenos the Skirmisher, a novice KoCK of Xom (D:4)
  Edmund (D:6)
  Duvessa (D:6)
  An ice beast (D:5)
  3 ogres
  2 centaurs (D:5)
  Blork the orc (D:6)
  A scorpion (D:7)
  Dowan (D:6)
  4 killer bees (D:7)
  4 howler monkeys
  A bullfrog zombie (D:5)
  A crimson imp (D:6)
  4 orc priests
  A hound (D:4)
  Jessica (D:2)
  2 iguanas
  6 orc wizards
  4 worker ants
  A killer bee zombie (D:5)
  9 adders
  3 shadow imps
  2 oozes
  2 adder skeletons
  3 worms
  2 dart slugs
  2 leopard geckos
  9 orcs
  7 giant cockroaches
  4 goblins
  8 hobgoblins
  3 jackals (D:2)
  8 kobolds
  2 quokkas
  A ball python (D:3)
  A ball python zombie (D:5)
  10 bats
  6 frilled lizards
  A jackal zombie (D:6)
  A quokka zombie (D:6)
  6 rats
  2 fungi (D:3)
133 creatures vanquished.

Notes
Turn   | Place    | Note
-------+----------+-------------------------------------------
     0 | D:1      | tognito the Minotaur Berserker began the quest for the Orb.
     0 | D:1      | Reached XP level 1. HP: 19/19 MP: 0/0
    56 | D:1      | Reached skill level 4 in Axes
    90 | D:1      | Reached XP level 2. HP: 18/26 MP: 1/1
   418 | D:1      | Reached skill level 5 in Axes
   472 | D:1      | Reached XP level 3. HP: 30/31 MP: 2/2
   697 | D:2      | Reached ** piety under Trog
  1237 | D:2      | Reached XP level 4. HP: 39/39 MP: 3/3
  1335 | D:2      | Reached skill level 6 in Axes
  1612 | D:2      | Found a sparkling altar of Nemelex Xobeh.
  1612 | D:2      | Noticed Jessica
  1621 | D:2      | Killed Jessica
  1706 | D:3      | Reached XP level 5. HP: 41/45 MP: 4/4
  1710 | D:3      | Reached skill level 7 in Axes
  2177 | D:3      | Found a blossoming altar of Fedhas.
  2476 | D:3      | Reached skill level 8 in Axes
  2491 | D:3      | Reached XP level 6. HP: 51/51 MP: 5/5
  2677 | D:4      | Noticed Xelenos's ghost (novice KoCK)
  2840 | D:4      | Reached skill level 9 in Axes
  3099 | D:4      | Reached XP level 7. HP: 52/57 MP: 6/6
  3157 | D:4      | Killed Xelenos's ghost
  3157 | D:4      | Reached skill level 10 in Axes
  3158 | D:4      | Found a stormy altar of Qazlal.
  3497 | D:4      | Found a deep blue altar of Sif Muna.
  3530 | D:5      | Entered Level 5 of the Dungeon
  3588 | D:5      | Reached *** piety under Trog
  3715 | D:5      | Reached skill level 11 in Axes
  3721 | D:5      | You fall through a shaft for 2 floors!
  3824 | D:6      | Noticed Dowan
  3825 | D:6      | Noticed Duvessa
  3828 | D:6      | Killed Dowan
  3839 | D:6      | Killed Duvessa
  3839 | D:6      | Reached XP level 8. HP: 28/64 MP: 7/7
  4237 | D:5      | Reached skill level 12 in Axes
  4579 | D:5      | Found a radiant altar of Vehumet.
  4691 | D:5      | Found a bloodstained altar of Trog.
  4882 | D:6      | Found a basalt altar of Yredelemnul.
  4928 | D:6      | Noticed Blork the orc
  4950 | D:6      | Killed Blork the orc
  4950 | D:6      | Reached skill level 13 in Axes
  4969 | D:6      | Found a staircase to the Ecumenical Temple.
  5047 | D:6      | Noticed Edmund
  5069 | D:6      | Killed Edmund
  5360 | D:7      | Reached **** piety under Trog
  5367 | D:7      | Reached XP level 9. HP: 35/70 MP: 8/8
  5460 | D:7      | Reached skill level 14 in Axes
  5477 | D:7      | HP: 5/105 [killer bee (6)]
  5480 | D:7      | HP: 1/105 [killer bee (2)]
  5481 | D:7      | Succumbed to a killer bee's poison

Skill      XL: |  1  2  3  4  5  6  7  8  9 |
---------------+----------------------------+-----
Axes           | 4 5 6 8 9 11 13 14 | 14.2
Fighting       | |  3.6
Armour         | |  2.4
Dodging        | |  2.1

Action                   |  1- 3 |  4- 6 |  7- 9 || total
-------------------------+-------+-------+-------++-------
Melee: Hand axe          |    73 |   131 |   192 ||   396
       Headbutt          |     9 |    20 |    39 ||    68
 Fire: Shortbow          |       |       |    34 ||    34
Invok: Berserk           |       |       |     3 ||     3
       Burn Spellbooks   |       |       |     1 ||     1
  Use: Scroll            |     4 |     3 |     3 ||    10
       Potion            |     1 |     2 |     1 ||     4
 Stab: Sleeping          |     1 |       |       ||     1
  Eat: Chunk             |       |     7 |     9 ||    16
Armor: Animal skin       |    22 |       |       ||    22
       Ring mail         |       |    54 |    12 ||    66
       Plate armour      |       |       |    79 ||    79
Dodge: Dodged            |    65 |    71 |    61 ||   197
